 Dungeon Crawl Stone Soup version bcrawl-1.40.3b (webtiles) character file.

Game seed: 8591417613063341171

357812 Finalfun the Basher (level 12, -7/95 HPs)
             Began as a Human Archaeologist on Mar 16, 2024.
             Was an Initiate of Gozag.
             Hit by a javelin thrown by something (10 damage)
             ... on level 11 of the Dungeon.
             The game lasted 00:27:23 (10917 turns).

Finalfun the Basher (Human Archaeologist)          Turns: 10917, Time: 00:27:24

Health: -7/95      AC: 19    Str: 16    XL:     12   Next: 6%
Magic:  18/18      EV:  8    Int: 14    God:    Gozag
Gold:   1161       SH:  0    Dex: 13    Spells: 11/11 levels left

rFire    . . .     GDR:     30% w - +3 dire flail (protect)
rCold    + + .     SeeInvis .   (shield currently unavailable)
rNeg     . . .     Gourm    +   p - +2 chain mail {rC+}
rPois    .         Faith    .   d - +1 hat
rElec    .         Spirit   .   I - +0 cloak
rCorr    .         Reflect  .   s - +2 pair of gloves
MR       +....                  r - +1 pair of boots
Stlth    ..........             h - amulet "Holoc" {Gourm MR+}
HPRegen  0.25/turn              u - +5 ring of slaying
MPRegen  0.16/turn              k - ring of protection from cold

@: very slightly contaminated, invisible
A: no striking features
a: Potion Petition, Call Merchant, Bribe Branch, Renounce Religion


You were on level 11 of the Dungeon.
You worshipped Gozag.
Gozag was most pleased with you.
You were not hungry.

You visited 2 branches of the dungeon, and saw 12 of its levels.

You collected 1547 gold pieces.
You spent 256 gold pieces at shops.
You paid 130 gold pieces to Gozag.

Inventory:

Hand Weapons
 b - a +0 blowgun
 w - a +3 dire flail of protection (weapon)
Missiles
 f - 6 curare-tipped needles
 m - 100 poisoned tomahawks (quivered)
 t - 1009 arrows
 z - 193 poisoned needles
Armour
 d - a +1 hat (worn)
 p - a +2 chain mail of cold resistance (worn)
 r - a +1 pair of boots (worn)
 s - a +2 pair of gloves (worn)
 I - a +0 cloak (worn)
Jewellery
 h - the amulet "Holoc" (around neck) {Gourm MR+}
   (You acquired it on level 2 of the Dungeon)

   [amulet of the gourmand]

   It allows you to eat raw meat even when not hungry.
   It affects your resistance to hostile enchantments.
 k - a ring of protection from cold (right hand)
 u - a +5 ring of slaying (left hand)
 v - the amulet of Etos {Inacc +Blink rC+ Dex+3}
   (You found it on level 4 of the Dungeon)

   [amulet of inaccuracy]

   It reduces the accuracy of all your attacks.
   It affects your dexterity (+3).
   It protects you from cold.
   It lets you blink.
Wands
 a - a wand of disintegration (6)
 A - a wand of clouds (6)
 J - a wand of polymorph (9)
 M - a wand of acid (11)
 O - a wand of random effects (9)
Scrolls
 c - 2 scrolls of immolation {unknown}
 g - 2 scrolls of revelation
 i - a scroll of identify
 j - 3 scrolls of enchant weapon
 l - 8 scrolls of teleportation
 n - 2 scrolls of amnesia
 o - 7 scrolls of fog
 q - a scroll of noise {unknown}
 y - a scroll of fear {unknown}
 F - 5 scrolls of remove curse
 H - 2 scrolls of enchant armour
Potions
 x - 4 potions of curing
 D - a potion of mutation
 E - 2 potions of might
 G - 3 potions of brilliance
Miscellaneous
 Q - a lamp of fire (inert)
Comestibles
 e - 4 rations {!d}


   Skills:
 - Level 9.0 Fighting
   Level 4.0 Short Blades
 + Level 13.0 Maces & Flails
 - Level 6.0 Armour
 - Level 4.0 Dodging
 - Level 4.0 Stealth
 - Level 9.0 Evocations


You had 11 spell levels left.
You didn't know any spells.
Your spell library was empty.

Dungeon Overview and Level Annotations

Branches:
Dungeon (11/12)            Temple (1/1) D:6            Lair (0/6) D:9
    Orc: D:8-11      Vaults: D:11-12

Altars:
Ashenzari
Cheibriados
Dithmenos
Elyvilon
Fedhas
Gozag
Hepliaklqana
Kikubaaqudgha
Lugonu
Makhleb
Nemelex Xobeh
Okawaru
Qazlal
Ru
Sif Muna
Trog
Uskayaw
Vehumet
Wu Jian
Xom
Yredelemnul
Zin
The Shining One

Shops:
D:4 %   D:6 }(   D:9 !

Portals:
Trove: D:8 (give +3 acid dragon scales)

Annotations:
D:10 3 runed translucent doors, Quickbrownfox's ghost, journeyman MiAc
D:11 Erolcha; Urug


Message History

Something hits you!!
Your surroundings seem slightly different.
The efreet gestures at you. The bolt of fire hits you.
* * * LOW HITPOINT WARNING * * *
A javelin appears from out of thin air!
The javelin hits you!!
* * * LOW HITPOINT WARNING * * *
You feel much better. The efreet gestures at you. The bolt of fire hits you.
* * * LOW HITPOINT WARNING * * *
You fade into invisibility!
You are very lightly contaminated with residual magic.
A javelin appears from out of thin air!
The javelin hits the efreet.
The efreet gestures at something.
The fireball explodes!
The fireball engulfs you!!
* * * LOW HITPOINT WARNING * * *
A javelin appears from out of thin air!
The javelin hits you!
You die...
Your body crumbles into a pile of gold.

#. #........# #
#........# # #
#.######.# # #. #.#
#.# # ##.#######.#
#.# !..........#
#.# #.......#
#.....§§#
#..@..R§######...
#<....{§§§§......
#....§§§O§§§.....
......§§§§§§§.....
.....<.###§§§..O...
.........#
#.........
.........#
#......###
.........# #......#
####...#


You could see an efreet.

Vanquished Creatures
  Erica (D:11)
  A wolf spider zombie (D:11)
  A deep elf mage (D:8)
  An ugly thing (D:10)
  A kobold demonologist (D:10)
  A freezing wraith (D:11)
  3 trolls
  A harpy skeleton (D:6)
  A hippogriff (D:6)
  Grum (D:11)
  Sigmund (D:6)
  A vampire (D:9)
  4 yaks
  2 hungry ghosts
  A steam dragon (D:10)
  2 vampire mosquitoes (D:11)
  Edmund (D:4)
  5 crocodiles
  Duvessa (D:7)
  An acid dragon (D:10)
  2 porcupines (D:9)
  3 sky beasts
  2 ice beasts
  2 orc warriors
  2 hornet zombies (D:10)
  6 black bears
  A boggart (D:10)
  A phantom (D:5)
  A necrophage (D:5)
  3 ogres
  5 wolves
  8 bullfrogs
  A kobold brigand (D:10)
  Dowan (D:7)
  A wyvern zombie (D:7)
  3 scorpions
  8 wights
  4 orc priests
  2 electric eels (D:9)
  6 crimson imps
  2 quasits (D:5)
  7 hounds
  6 orc wizards
  A bullfrog skeleton (D:6)
  A bullfrog zombie (D:7)
  An iguana (D:5)
  8 worker ants
  A hound zombie (D:6)
  A hound skeleton (D:3)
  A worker ant zombie (D:5)
  22 gnolls
  9 adders
  5 shadow imps
  An adder zombie (D:7)
  4 adder skeletons
  6 worms
  3 dart slugs
  3 leopard geckos
  22 orcs
  2 giant cockroaches
  7 goblins
  10 hobgoblins
  6 jackals
  13 kobolds
  3 quokkas
  3 ball pythons
  8 bats
  3 frilled lizards (D:2)
  8 rats
260 creatures vanquished.

Notes
Turn   | Place    | Note
-------+----------+-------------------------------------------
     0 | D:1      | Finalfun the Human Archaeologist began the quest for the
                  | Orb.
     0 | D:1      | Reached XP level 1. HP: 15/15 MP: 1/1
    37 | D:1      | Reached XP level 2. HP: 5/21 MP: 2/2
   544 | D:1      | Reached XP level 3. HP: 26/26 MP: 3/3
  1030 | D:2      | Reached XP level 4. HP: 34/34 MP: 4/4
  1500 | D:2      | Reached XP level 5. HP: 39/41 MP: 5/5
  1500 | D:2      | Identified a scroll of acquirement
  1518 | D:2      | Identified the amulet "Holoc" {Gourm MR+} (You acquired it
                  | on level 2 of the Dungeon)
  2386 | D:3      | Reached XP level 6. HP: 50/50 MP: 6/6
  2433 | D:3      | Reached skill level 5 in Fighting
  2458 | D:3      | Reached skill level 1 in Short Blades
  2870 | D:4      | Noticed an ogre
  2872 | D:4      | Killed an ogre
  2873 | D:4      | Reached skill level 1 in Evocations
  2876 | D:4      | Noticed Edmund
  2894 | D:4      | Killed Edmund
  2895 | D:4      | Reached XP level 7. HP: 26/56 MP: 7/9
  3054 | D:4      | Got a shimmering platinum amulet
  3194 | D:4      | Found Kigol's Food Shop.
  3564 | D:5      | Entered Level 5 of the Dungeon
  3630 | D:5      | Reached skill level 5 in Evocations
  3630 | D:5      | Reached XP level 8. HP: 47/62 MP: 11/11
  4373 | D:5      | Identified the cursed amulet of Etos {Inacc +Blink rC+
                  | Dex+3} (You found it on level 4 of the Dungeon)
  4490 | D:6      | Found a sacrificial altar of Ru.
  4630 | D:6      | Reached skill level 5 in Armour
  4684 | D:6      | Noticed a hippogriff
  4866 | D:6      | Reached XP level 9. HP: 38/69 MP: 13/13
  4959 | D:6      | Found Eropyad's Weapon Shop.
  4973 | D:6      | Found a staircase to the Ecumenical Temple.
  5055 | Temple   | Entered the Ecumenical Temple
  5661 | Temple   | Became a worshipper of Gozag Ym Sagoz the Greedy
  5741 | D:6      | Noticed Sigmund
  5778 | D:6      | Killed Sigmund
  5860 | D:6      | Found Jiefaepn's Gadget Shoppe.
  6064 | D:6      | Killed a hippogriff
  6885 | D:7      | Noticed Duvessa
  6888 | D:7      | Killed Duvessa
  6889 | D:7      | Noticed Dowan
  6895 | D:7      | Killed Dowan
  7138 | D:7      | Identified the +2 flail of Felicoc {antimagic, rElec Str+5}
  7361 | D:8      | Reached XP level 10. HP: 77/83 MP: 15/15
  7400 | D:8      | Found a glowing golden altar of the Shining One.
  7546 | D:8      | Found a portal to a secret trove of treasure.
  7580 | D:8      | Got an ichor-stained hunting sling
  7806 | D:8      | Noticed a deep elf mage
  7808 | D:8      | Killed a deep elf mage
  7809 | D:8      | Reached skill level 4 in Maces & Flails
  7943 | D:8      | Reached skill level 5 in Maces & Flails
  7979 | D:8      | Found a hazy altar of Hepliaklqana.
  8167 | D:9      | Found Ilaivoz's Distillery.
  8171 | D:9      | Found a sparkling altar of Nemelex Xobeh.
  8190 | D:9      | Bought 2 potions of brilliance for 128 gold pieces
  8190 | D:9      | Bought a potion of degeneration for 16 gold pieces
  8190 | D:9      | Bought a potion of lignification for 48 gold pieces
  8190 | D:9      | Bought a potion of might for 64 gold pieces
  8212 | D:9      | Reached skill level 6 in Maces & Flails
  8613 | D:9      | Reached skill level 7 in Maces & Flails
  8672 | D:9      | Found a staircase to the Lair.
  8704 | D:9      | Reached skill level 8 in Maces & Flails
  8713 | D:9      | Reached XP level 11. HP: 85/89 MP: 17/17
  8740 | D:9      | Paralysed by fainting for 12 turns
  8755 | D:9      | Reached skill level 9 in Maces & Flails
  9368 | D:9      | Identified the +3 hunting sling "Gesh" {flame, +Inv Stlth+}
                  | (You found it on level 8 of the Dungeon)
  9372 | D:10     | Entered Level 10 of the Dungeon
  9387 | D:10     | Found a runed translucent gate.
  9388 | D:10     | Found a runed translucent gate.
  9388 | D:10     | Found a runed translucent gate.
  9507 | D:10     | Reached skill level 10 in Maces & Flails
  9855 | D:10     | Reached skill level 11 in Maces & Flails
  9997 | D:10     | Noticed Quickbrownfox's ghost (journeyman MiAc)
 10027 | D:10     | Noticed a purple ugly thing
 10033 | D:10     | Killed a purple ugly thing
 10510 | D:11     | Noticed Erica
 10529 | D:11     | Killed Erica
 10530 | D:11     | Reached skill level 12 in Maces & Flails
 10717 | D:11     | Noticed Grum
 10724 | D:11     | Reached XP level 12. HP: 65/95 MP: 18/18
 10746 | D:11     | Killed Grum
 10747 | D:11     | Reached skill level 13 in Maces & Flails
 10908 | D:11     | Noticed Urug
 10908 | D:11     | Noticed Erolcha
 10913 | D:11     | HP: 3/95 [something (22)]
 10917 | D:11     | Hit by a javelin thrown by something

Skill      XL: |  1  2  3  4  5  6  7  8  9 10 11 12 |
---------------+-------------------------------------+-----
Stealth        | 4 |  4.0
Dodging        | 4 |  4.0
Fighting       | 2 3 4 5 9 |  9.0
Short Blades   | 3 4 |  4.0
Evocations     | 2 5 6 7 9 |  9.0
Armour         | 6 |  6.0
Maces & Flails | 8 12 13 | 13.0

Action                   |  1- 3 |  4- 6 |  7- 9 | 10-12 || total
-------------------------+-------+-------+-------+-------++-------
Melee: Whip              |   127 |    65 |       |       ||   192
       Short sword       |       |    72 |   265 |   160 ||   497
       Dire flail        |       |       |       |   191 ||   191
Throw: Tomahawk          |     2 |       |    20 |    57 ||    79
Evoke: Wand              |       |     5 |     5 |     7 ||    17
       Lamp of fire      |       |       |       |     1 ||     1
  Use: Scroll            |     3 |     5 |     7 |     6 ||    21
       Potion            |       |     3 |     1 |     5 ||     9
 Stab: Sleeping          |     6 |     2 |       |       ||     8
       Distracted        |       |       |       |     2 ||     2
  Eat: Chunk             |     4 |     6 |     8 |       ||    18
       Ration            |       |     1 |     4 |     6 ||    11
Armor: Robe              |    34 |    27 |       |       ||    61
       Ring mail         |       |    17 |       |       ||    17
       Chain mail        |       |       |   219 |   205 ||   424
       Skin              |       |       |       |    70 ||    70
Dodge: Dodged            |    72 |   108 |   107 |   107 ||   394
